 Dungeon Crawl Stone Soup version 0.27-a0-78-g75406f0b48 (webtiles) character file.

Game seed: 7193108659319397246

19174 Morgoth the Fencer (level 12, -1/97 HPs)
             Began as a Minotaur Fighter on Jan 13, 2021.
             Was an Elder of Nemelex Xobeh.
             Slain by a catoblepas (28 damage)
             ... on level 1 of the Lair of Beasts on Jan 14, 2021.
             The game lasted 00:36:08 (14209 turns).

Morgoth the Fencer (Minotaur Fighter)              Turns: 14209, Time: 00:36:08

Health: -1/97      AC: 16    Str: 23    XL:     12   Next: 34%
Magic:  14/14      EV:  9    Int:  5    God:    Nemelex Xobeh [****..]
Gold:   499        SH:  0    Dex: 13    Spells: 11/11 levels left

rFire    . . .     SeeInvis .   A - +4 great sword
rCold    . . .     Faith    .   (shield currently unavailable)
rNeg     . . .     Spirit   .   m - +0 plate armour
rPois    .         Reflect  .   (helmet restricted)
rElec    .         Harm     .   (no cloak)
rCorr    .         Rampage  .   n - +1 pair of gloves
Will     +....                  d - +0 pair of boots
Stlth    ..........             e - amulet of regeneration
HPRegen  0.66/turn              l - ring of flight
MPRegen  0.14/turn              j - ring of willpower

@: no status effects
A: retaliatory headbutt, horns 2
a: Renounce Religion, Evoke Flight, Draw Escape, Draw Destruction, Draw
Summoning, Triple Draw, Deal Four


You were on level 1 of the Lair of Beasts.
You worshipped Nemelex Xobeh.
Nemelex Xobeh was greatly pleased with you.
You visited 3 branches of the dungeon, and saw 16 of its levels.
You also visited: Ossuary.

You collected 592 gold pieces.
You spent 93 gold pieces at shops.

Inventory:

Hand Weapons
 A - a +4 great sword (weapon)
Missiles
 c - 9 poisoned darts
 y - 4 throwing nets (quivered)
Armour
 d - a +0 pair of boots (worn)
 m - a +0 plate armour (worn)
 n - a +1 pair of gloves (worn)
Jewellery
 e - an amulet of regeneration (around neck)
 j - a ring of willpower (right hand)
 l - a ring of flight (left hand)
 z - an uncursed amulet of the acrobat {unknown}
 J - an uncursed amulet of faith {unknown}
Wands
 a - a wand of polymorph (11)
 B - a wand of digging (6)
 F - a wand of disintegration (14)
 G - a wand of flame (16)
 K - a wand of iceblast (11)
Scrolls
 f - 2 scrolls of enchant weapon
 g - 9 scrolls of remove curse
 h - 3 scrolls of blinking
 i - 5 scrolls of amnesia
 k - a scroll of enchant armour
 q - 4 scrolls of teleportation
 r - 4 scrolls of magic mapping
 E - 2 scrolls of silence
 I - a scroll of identify
 L - a scroll of random uselessness {unknown}
 N - a scroll of fog
Potions
 b - 3 potions of haste
 o - 2 potions of brilliance
 p - 6 potions of curing
 s - 2 potions of flight
 t - a potion of might
 u - 2 potions of mutation {unknown}
 v - a potion of attraction {unknown}
 w - 3 potions of magic {unknown}
 x - a potion of invisibility {unknown}
 C - 10 potions of ambrosia {unknown}
 D - a potion of berserk rage {unknown}
 H - a potion of heal wounds
 M - a potion of lignification {unknown}


   Skills:
 + Level 6.5 Fighting
 - Level 20.0 Long Blades
 + Level 6.5 Armour
 + Level 4.8 Dodging
 - Level 3.6 Shields
 + Level 4.3 Invocations


You had 11 spell levels left.
You didn't know any spells.
Your spell library contained the following spells:

 Spells                   Type           Power        Failure   Level
 Freeze                   Ice            0%           100%        1
 Shock                    Conj/Air       0%           100%        1
 Swiftness                Air            0%           100%        2
 Frozen Ramparts          Ice            0%           100%        3
 Ozocubu's Armour         Ice            0%           100%        3
 Static Discharge         Conj/Air       0%           100%        3
 Airstrike                Air            0%           100%        4
 Hailstorm                Conj/Ice       0%           100%        4
 Summon Ice Beast         Ice/Summ       0%           100%        4
 Lightning Bolt           Conj/Air       0%           100%        5


Dungeon Overview and Level Annotations

Branches:
Dungeon (13/15)            Temple (1/1) D:7            Lair (2/6) D:8
    Orc (0/2) D:9         Ossuary (visited)
  Swamp: Lair:2-4    Shoals: Lair:2-4     Snake: Lair:2-4    Spider: Lair:2-4
 Vaults: D:13-14

Altars:
Ashenzari
Cheibriados
Dithmenos
Elyvilon
Fedhas
Gozag
Hepliaklqana
Kikubaaqudgha
Makhleb
Nemelex Xobeh
Okawaru
Qazlal
Ru
Sif Muna
Trog
Uskayaw
Vehumet
Wu Jian
Xom
Yredelemnul
Zin
The Shining One

Shops:
D:4 *   D:6 =


Innate Abilities, Weirdness & Mutations

You reflexively headbutt those who attack you in melee.
You have a pair of horns on your head.


Message History

The catoblepas breathes a plume of calcifying dust at you.
The blast of calcifying dust hits you. The catoblepas gores you!!
* * * LOW HITPOINT WARNING * * *
You slash the catoblepas! You headbutt the catoblepas!
The catoblepas is heavily wounded.
The catoblepas gores you but does no damage.
You hit the catoblepas.
The catoblepas is heavily wounded.
You slice the catoblepas!! Your headbutt misses the catoblepas.
The catoblepas is severely wounded.
The catoblepas breathes a plume of calcifying dust at you.
The blast of calcifying dust hits you but does no damage.
The catoblepas gores you!!
* * * LOW HITPOINT WARNING * * *
You slash the catoblepas!
The catoblepas is almost dead.
The catoblepas gores you!!
You die...
Your body glows with a rainbow of weird colours and disappears.

#.........# #.......
#(........###.......
#...§.....##P.......
##...§.....###.......
#....§.?...# #.......
##...§.....###.......
#...§...............
#...§.....#.+.......
#..@§.....##........
#§§§Y.....######+#.#
#.P###.##.# #..##
##.##...#)## ##.##
##..........# ###+.#
#...........# #.....
##..........# #..###
#..........# #..#≈≈
#..........# #..#≈≈


You could see a catoblepas.

Vanquished Creatures
  Harold (Lair:2)
  A hydra (Lair:1)
  A two-headed ogre (D:10)
  2 unseen horrors
  Pikel (D:8)
  An ugly thing (D:10)
  A cyclops (D:11)
  A manticore (D:11)
  2 black mambas
  10 elephants
  A cane toad (Lair:2)
  3 komodo dragons
  A hornet (D:11)
  A queen bee (Lair:1)
  A troll (D:10)
  Grinder (D:4)
  A polar bear (Lair:1)
  A shadow (D:11)
  2 wyverns (D:8)
  2 wraiths (D:11)
  2 basilisks
  A steam dragon (D:12)
  A human (shapeshifter) (D:11)
  Menkaure (Ossuary)
  An acid dragon (D:8)
  A warg (D:9)
  5 water moccasins
  5 orc warriors
  An ice beast (D:7)
  2 sky beasts (D:9)
  A black bear (D:7)
  3 phantoms
  3 ogres
  2 centaurs
  3 wolves (Lair:1)
  3 lemures (D:7)
  A big kobold (D:7)
  5 bullfrogs
  3 scorpions
  41 killer bees
  10 wights
  2 howler monkeys
  3 vampire bats (D:7)
  2 bullfrog zombies (D:8)
  4 hounds
  3 jellies
  3 orc priests
  14 orc wizards
  A gnoll shaman (D:8)
  2 bullfrog skeletons
  A centaur skeleton (D:9)
  3 iguanas
  10 worker ants
  A hound zombie (D:5)
  3 hound skeletons
  3 mummies (Ossuary)
  4 gnolls (D:8)
  9 adders
  2 howler monkey skeletons (D:4)
  A shadow imp (D:5)
  4 white imps
  4 ufetubi
  4 adder skeletons
  3 worms
  2 dart slugs
  7 leopard geckos
  42 orcs
  6 ball pythons
  4 bats
  4 bat skeletons (D:7)
  2 bat zombies (D:7)
  3 giant cockroaches
  4 goblins
  11 hobgoblins
  8 jackals
  10 kobolds
  3 quokkas
  8 frilled lizards
  2 gnoll skeletons (Ossuary)
  7 gnoll zombies (Ossuary)
  4 goblin skeletons (Ossuary)
  3 goblin zombies (Ossuary)
  2 hobgoblin skeletons (Ossuary)
  7 hobgoblin zombies (Ossuary)
  2 kobold skeletons (Ossuary)
  3 kobold zombies (Ossuary)
  A leopard gecko skeleton (D:4)
  5 orc skeletons (Ossuary)
  2 orc zombies (Ossuary)
  5 rats
  8 rat skeletons (Ossuary)
  3 rat zombies (Ossuary)
384 creatures vanquished.

Vanquished Creatures (others)
  2 goblin skeletons (Ossuary)
  11 fungi
  22 plants
35 creatures vanquished.

Grand Total: 419 creatures vanquished

Notes
Turn   | Place    | Note
-------+----------+-------------------------------------------
     0 | D:1      | Morgoth the Minotaur Fighter began the quest for the Orb.
     0 | D:1      | Reached XP level 1. HP: 19/19 MP: 0/0
   108 | D:1      | Reached skill level 3 in Long Blades
   191 | D:1      | Reached XP level 2. HP: 23/26 MP: 1/1
   426 | D:1      | Reached skill level 4 in Long Blades
   632 | D:2      | Found a faded altar of an unknown god.
   724 | D:2      | Reached XP level 3. HP: 25/31 MP: 2/2
  1126 | D:2      | Reached skill level 5 in Long Blades
  1467 | D:2      | Reached XP level 4. HP: 34/39 MP: 3/3
  2045 | D:3      | Found a bloodstained altar of Trog.
  2133 | D:4      | Reached skill level 6 in Long Blades
  2190 | D:4      | Reached XP level 5. HP: 41/45 MP: 4/4
  2199 | D:4      | Noticed Grinder
  2202 | D:4      | Noticed an ogre
  2203 | D:4      | Paralysed by Grinder for 6 turns
  2329 | D:4      | Paralysed by Grinder for 6 turns
  2337 | D:4      | HP: 2/45 [Grinder/nerve-wracking pain (10)]
  2339 | D:4      | Killed Grinder
  2340 | D:4      | Reached skill level 8 in Long Blades
  2340 | D:4      | Reached XP level 6. HP: 4/51 MP: 5/5
  2548 | D:4      | Found Peiff's General Store.
  2556 | D:4      | Bought a potion of curing for 33 gold pieces
  2556 | D:4      | Bought a scroll of identify for 22 gold pieces
  2556 | D:4      | Bought a scroll of magic mapping for 38 gold pieces
  2562 | D:4      | Found a basalt altar of Yredelemnul.
  2696 | D:5      | Entered Level 5 of the Dungeon
  2794 | D:5      | Found a sand-covered staircase.
  2808 | D:5      | Reached skill level 9 in Long Blades
  2843 | Ossuary  | Entered an ossuary
  3138 | Ossuary  | Reached XP level 7. HP: 55/57 MP: 6/6
  3142 | Ossuary  | Noticed Menkaure
  3150 | Ossuary  | Killed Menkaure
  3396 | D:5      | Reached skill level 10 in Long Blades
  3449 | D:5      | Found a blossoming altar of Fedhas.
  3449 | D:5      | Found a snail-covered altar of Cheibriados.
  3667 | D:4      | Reached skill level 11 in Long Blades
  3980 | D:5      | Found a white marble altar of Elyvilon.
  4043 | D:5      | Reached XP level 8. HP: 55/64 MP: 7/7
  4576 | D:6      | Reached skill level 12 in Long Blades
  4650 | D:6      | Found Doidis's Jewellery Emporium.
  4695 | D:6      | Noticed a +0 dagger
  4695 | D:6      | Noticed a +0 dagger
  4697 | D:6      | Found a hide-covered altar of Uskayaw.
  4761 | D:6      | Reached skill level 13 in Long Blades
  5312 | D:7      | Found a staircase to the Ecumenical Temple.
  5334 | D:7      | Reached XP level 9. HP: 70/70 MP: 8/8
  5356 | Temple   | Entered the Ecumenical Temple
  5602 | Temple   | Became a worshipper of Nemelex Xobeh the Trickster
  5733 | D:7      | Reached skill level 14 in Long Blades
  5907 | D:7      | You fall into a shaft and drop 2 floors!
  5980 | D:9      | Found a staircase to the Orcish Mines.
  6110 | D:9      | Reached skill level 15 in Long Blades
  6241 | D:7      | Reached * piety under Nemelex Xobeh
  6241 | D:7      | Received a gift from Nemelex Xobeh
  6459 | D:7      | Found an ancient bone altar of Kikubaaqudgha.
  6722 | D:8      | Reached skill level 16 in Long Blades
  6911 | D:8      | Reached ** piety under Nemelex Xobeh
  6928 | D:8      | Noticed Pikel
  6936 | D:8      | Killed Pikel
  6937 | D:8      | Reached XP level 10. HP: 72/77 MP: 9/9
  7105 | D:8      | Reached skill level 17 in Long Blades
  7175 | D:8      | Found a staircase to the Lair.
  7321 | D:8      | Received a gift from Nemelex Xobeh
  7457 | D:8      | Found a sacrificial altar of Ru.
  7691 | D:9      | Found a shimmering altar of Xom.
  7691 | D:9      | Found an ornate altar of the Wu Jian Council.
  8418 | D:10     | Entered Level 10 of the Dungeon
  8561 | D:10     | Received a gift from Nemelex Xobeh
  8628 | D:10     | Noticed a two-headed ogre
  9093 | D:10     | Reached *** piety under Nemelex Xobeh
  9129 | D:10     | Reached skill level 18 in Long Blades
  9278 | D:10     | Killed a two-headed ogre
  9591 | D:11     | Noticed a brown ugly thing
  9595 | D:10     | Killed an unseen horror
  9596 | D:10     | Reached XP level 11. HP: 65/82 MP: 10/10
  9605 | D:10     | Killed a brown ugly thing
  9738 | D:11     | Received a gift from Nemelex Xobeh
  9875 | D:11     | HP: 1/82 [cyclops (21)]
  9878 | D:11     | Reached skill level 19 in Long Blades
 10007 | D:11     | HP: 2/82 [manticore (6)]
 10467 | D:11     | Killed an unseen horror
 10690 | D:11     | Paralysed by a hornet for 1 turns
 11838 | Lair:1   | Entered Level 1 of the Lair of Beasts
 11871 | Lair:1   | Noticed a four-headed hydra
 11873 | Lair:1   | Killed a four-headed hydra
 12067 | Lair:1   | Reached skill level 20 in Long Blades
 12078 | Lair:1   | Reached skill level 1 in Dodging
 12080 | Lair:1   | Reached skill level 1 in Invocations
 12641 | Lair:1   | Reached **** piety under Nemelex Xobeh
 12654 | Lair:1   | Received a gift from Nemelex Xobeh
 13419 | Lair:2   | Reached skill level 5 in Fighting
 13419 | Lair:2   | Reached skill level 5 in Armour
 13517 | Lair:1   | Reached XP level 12. HP: 68/94 MP: 13/13
 13602 | Lair:2   | Received a gift from Nemelex Xobeh
 13922 | Lair:2   | Noticed Harold
 14083 | Lair:2   | Killed Harold
 14171 | Lair:2   | Noticed a catoblepas
 14209 | Lair:1   | Slain by a catoblepas

Illustrated notes

Levels and vault maps discovered:
D:1:      onia_arrival_mini_maze_b, layout_rooms, feat_on_display
D:2:      layout_basic, chequers_ecumenical_altar_twisty
D:3:      layout_loops_ring, lemuel_round_altar, serial_park_tiny_pond
D:4:      layout_cave_pools, lemuel_round_altar, serial_shops, shop,
          uniq_grinder
D:5:      layout_loops_ring, gammafunk_temple_overflow_elements,
          enter_ossuary_2, basic_altar
D:6:      layout_loops_ring, dancing_weapons_uskayaw, serial_shops,
          nicolae_shop_temple_entry_statues_fountains
D:7:      layout_loops_corners, kennysheep_vampire_church, temple_green
D:8:      layout_rooms, erik_lair_dragon, minivault_5, nicolae_ru_path_of_blood,
          uniq_pikel
D:9:      layout_irregular_city, chequers_temple_overflow_statue_of_worship,
          david_orc_3, minmay_tree_intersection, hangedman_decor_opposing,
          nicolae_water_bricks, minmay_orc_keep
D:10:     layout_loops_ring
D:11:     layout_loops_ring
D:12:     layout_layer_cave, serial_shops, shop, uniq_maurice
D:13:     layout_loops_ring
Temple:   minmay_temple_curvy_branch
Lair:1:   layout_roguey [special_room_bee], chequers_serial_rivers_room_b
Lair:2:   dragon1_lemuel, layout_loops_ring, guppyfry_snake_entry_garden,
          uniq_harold

Skill      XL: |  1  2  3  4  5  6  7  8  9 10 11 12 |
---------------+-------------------------------------+-----
Long Blades    | 3 4 5 6 8 9 11 13 16 18 20 | 20.0
Dodging        | 3 4 |  4.8
Invocations    | 3 4 |  4.3
Fighting       | 5 6 |  6.5
Armour         | 5 6 |  6.5
Shields        | |  3.6

Action                   |  1- 3 |  4- 6 |  7- 9 | 10-12 || total
-------------------------+-------+-------+-------+-------++-------
Melee: Long sword        |    96 |   173 |   210 |       ||   479
       Headbutt          |    17 |    44 |    60 |    96 ||   217
       Great sword       |       |       |   200 |   442 ||   642
       Unarmed           |       |       |       |     7 ||     7
Throw: Throwing net      |       |       |       |     1 ||     1
Invok: Draw Destruction  |       |       |       |     1 ||     1
       Draw Escape       |       |       |       |     1 ||     1
  Use: Scroll            |     5 |     6 |     4 |     4 ||    19
       Potion            |       |     1 |       |    12 ||    13
Armor: Scale mail        |    34 |    14 |       |       ||    48
       Plate armour      |       |    59 |   237 |   279 ||   575
       Skin              |       |       |       |     1 ||     1
Dodge: Dodged            |    20 |    19 |    95 |   150 ||   284
Block: Kite shield       |    51 |    51 |    69 |       ||   171
       Rpst.: Long sword |     3 |     6 |     5 |       ||    14
       Great sword       |       |       |    29 |    31 ||    60

Table legend: (Time is in decaauts)
 A = Elapsed time spent in this place.
 B = Non-inter-level travel time spent in this place.
 C = Inter-level travel time spent in this place.
 D = Time resting spent in this place.
 E = Time spent auto-exploring this place.
 F = Levels seen in this place.
 G = Mean time per level.
                   A        B        C        D        E       F      G
               +--------+--------+--------+--------+--------+-----+--------+
         Total |  14197 |  12995 |   1202 |   2150 |   7301 |  17 |  835.1 |
       Dungeon |  11208 |  10277 |    931 |   1458 |   6219 |  13 |  862.2 |
        Temple |    268 |    225 |     43 |      0 |    223 |   1 |  268.0 |
          Lair |   2206 |   1978 |    228 |    654 |    809 |   2 | 1103.0 |
       Ossuary |    513 |    513 |      0 |     38 |     50 |   1 |  513.0 |
               +--------+--------+--------+--------+--------+-----+--------+

Top non-repeatable levels by time:
    D:11: 1904 daAuts
  Lair:1: 1653 daAuts
     D:9: 1543 daAuts
     D:8: 1038 daAuts
    D:10: 988 daAuts
     D:7: 985 daAuts
     D:2: 985 daAuts
     D:3: 916 daAuts
     D:5: 877 daAuts
     D:6: 712 daAuts
     D:4: 620 daAuts
     D:1: 597 daAuts
  Lair:2: 553 daAuts
 Ossuary: 513 daAuts
  Temple: 268 daAuts
